 Dungeon Crawl Stone Soup version 0.28.0-1-gb440e238dd (webtiles) character file.

Game seed: 16600416182804187832

9337 arthad the Slicer (level 11, -5/83 HPs)
             Began as a Gnoll Wanderer on Feb 20, 2022.
             Was a High Priest of Okawaru.
             Slain by a deep troll earth mage (7 damage)
             ... on level 10 of the Dungeon.
             The game lasted 00:34:54 (8828 turns).

arthad the Slicer (Gnoll Wanderer)                  Turns: 8828, Time: 00:34:55

Health: -5/83      AC: 15    Str: 15    XL:     11   Next: 44%
Magic:  27/29      EV: 16    Int: 19    God:    Okawaru [*****.]
Gold:   976        SH:  0    Dex: 16    Spells: 22/22 levels left

rFire   . . .      SeeInvis .   y - +5 mace "Racviumu" {venom, Int+5 Dex+4}
rCold   . . .      Faith    .   (no shield)
rNeg    + . .      Spirit   .   i - +1 ring mail of Nihilism {rN+ Regen+ Str+2}
rPois   .          Reflect  .   (no helmet)
rElec   .          Harm     .   N - scarf {repulsion}
rCorr   .          Rampage  +   (no gloves)
Will    .....                   M - +1 pair of boots {rampage}
Stlth   ++++......              F - amulet of the acrobat
HPRegen 1.03/turn               B - +4 ring of protection
MPRegen 0.21/turn               C - ring of magical power

@: heroic, invisible, repel missiles
A: fangs 1, strong nose, distributed training
a: Renounce Religion, Heroism, Finesse, Duel


You were on level 10 of the Dungeon.
You worshipped Okawaru.
Okawaru was extremely pleased with you.
You visited 2 branches of the dungeon, and saw 11 of its levels.

You collected 1540 gold pieces.
You spent 564 gold pieces at shops.

Inventory:

Hand Weapons
 a - a +0 rapier
 b - a +0 hand axe
 f - a +0 shortbow
 r - a +1 battleaxe
 s - a +2 scimitar of flaming
 y - the +5 mace "Racviumu" (weapon) {venom, Int+5 Dex+4}
   (You found it on level 8 of the Dungeon)

   It poisons the flesh of those it strikes.
   Int:       It affects your intelligence (+5).
   Dex:       It affects your dexterity (+4).
Missiles
 g - 245 stones (quivered)
 j - 237 arrows
 l - 118 sling bullets
 m - 9 boomerangs
 n - 13 poisoned darts
 x - 101 bolts
 K - a curare-tipped dart
Armour
 c - a +0 ring mail
 h - a +0 cloak
 i - the +1 ring mail of Nihilism (worn) {rN+ Regen+ Str+2}
   (You bought it in a shop on level 1 of the Dungeon)

   Str:       It affects your strength (+2).
   rN:        It protects you from negative energy.
   Regen:     It increases your rate of health regeneration.
 k - a scarf of harm
 q - a +1 pair of boots
 z - a +1 robe of resistance
 E - the +0 robe of Dishonesty {rC+ rN+ Str+3}
   (You found it on level 5 of the Dungeon)

   Str:       It affects your strength (+3).
   rC:        It protects you from cold.
   rN:        It protects you from negative energy.
 H - a +1 chain mail of poison resistance
 M - a +1 pair of boots of rampaging (worn)
 N - a scarf of repulsion (worn)
Jewellery
 B - a +4 ring of protection (left hand)
 C - a ring of magical power (right hand)
 F - an amulet of the acrobat (around neck)
Wands
 t - a wand of iceblast (3)
 u - a wand of acid (1)
Scrolls
 d - 5 scrolls of identify
 e - 2 scrolls of enchant weapon
 o - 3 scrolls of teleportation
 p - 2 scrolls of vulnerability
 v - 2 scrolls of amnesia
 I - a scroll of magic mapping
 O - a scroll of fear {unknown}
 Q - a scroll of holy word
 R - 2 scrolls of noise {unknown}
Potions
 A - 2 potions of curing
 D - 2 potions of ambrosia {unknown}
 G - a potion of mutation {unknown}
 J - 2 potions of attraction {unknown}
 L - a potion of lignification
 P - a potion of might {unknown}
 S - a potion of heal wounds


   Skills:
 + Level 6.9(11.9) Fighting
 + Level 10.6(15.6) Short Blades
 + Level 6.3(11.3) Long Blades
 + Level 7.9(12.9) Axes
 + Level 6.3(11.3) Maces & Flails
 + Level 6.3(11.3) Polearms
 + Level 6.3(11.3) Staves
 + Level 6.3(11.3) Slings
 + Level 6.3(11.3) Bows
 + Level 6.3(11.3) Crossbows
 + Level 6.3(11.3) Throwing
 + Level 7.9(12.9) Armour
 + Level 6.3(11.3) Dodging
 + Level 6.3(11.3) Stealth
 + Level 6.3(11.3) Shields
 + Level 6.3(11.3) Unarmed Combat
 + Level 6.3 Spellcasting
 + Level 5.2 Conjurations
 + Level 5.2 Hexes
 + Level 5.2 Summonings
 + Level 5.2 Necromancy
 + Level 5.2 Translocations
 + Level 5.2 Transmutations
 + Level 5.2 Fire Magic
 + Level 5.2 Ice Magic
 + Level 5.2 Air Magic
 + Level 5.2 Earth Magic
 + Level 5.2 Poison Magic
 + Level 6.9 Invocations
 + Level 6.9 Evocations


You had 22 spell levels left.
You didn't know any spells.
Your spell library contained the following spells:

 Spells                   Type           Power      Damage    Failure   Level
 Apportation              Tloc           50%        N/A       1%          1
 Sublimation of Blood     Necr           25%        N/A       3%          2
 Wereblood                Tmut           25%        N/A       3%          2
 Animate Skeleton         Necr           Unusable   N/A       N/A         1
 Summon Small Mammal      Summ           Unusable   N/A       N/A         1
 Summon Hydra             Summ           Unusable   N/A       N/A         7

Dungeon Overview and Level Annotations

Branches:
Dungeon (10/15)            Temple (1/1) D:4            Lair (0/6) D:9
    Orc (0/2) D:9

Altars:
Ashenzari
Cheibriados
Dithmenos
Elyvilon
Fedhas
Gozag
Hepliaklqana
Kikubaaqudgha
Makhleb
Nemelex Xobeh
Okawaru
Qazlal
Ru
Sif Muna
Trog
Uskayaw
Vehumet
Wu Jian
Xom
Yredelemnul
Zin
The Shining One

Shops:
D:1 *[


Innate Abilities, Weirdness & Mutations

You have very sharp teeth.
Your uncanny sense of smell can sniff out nearby items.
Your experience applies equally to all skills.


Message History

Okawaru is honoured by your kill.
R - 2 scrolls labelled TEETWA KAMANO (gained 1)
Things that are here:
a +1 vampiric dagger; an orc corpse
j - 227 arrows (gained 15)
j - 237 arrows (gained 10)
You see here a +0 pair of boots.
You start resting.
HP restored.
Things that are here:
a +1 vampiric dagger; an orc corpse A fire giant comes into view.
It is wielding a +2 great sword of flaming.
Found four items.
The fire giant shouts!
You start waiting.
A deep troll earth mage comes into view.
You closely miss the deep troll earth mage.
The deep troll earth mage closely misses you.
The deep troll earth mage claws you but does no damage.
The deep troll earth mage claws you.
You sock the deep troll earth mage!
The deep troll earth mage is poisoned.
The deep troll earth mage is lightly wounded.
The deep troll earth mage bites you.
The deep troll earth mage barely misses you.
The deep troll earth mage closely misses you.
The deep troll earth mage points at the crystal wall and mumbles some strange words.
The crystal wall shatters!
The blast of crystal shards hits you!!!
Ouch! That really hurt!
Unknown command.
You gain the combat prowess of a mighty hero.
The deep troll earth mage bites you. The deep troll earth mage claws you.
The deep troll earth mage claws you!
* * * LOW HITPOINT WARNING * * *
You fade into invisibility!
The deep troll earth mage bites you!!
* * * LOW HITPOINT WARNING * * *
The deep troll earth mage claws you.
* * * LOW HITPOINT WARNING * * *
The deep troll earth mage claws you!
You die...

∆ .. .. #. ### ###
#. ####.####T# ..
###..#..##@#.# .. ∆
##....#..#.##.#
..####[....#...##∆[C
##...###...#.#.#
∆#).
..###..###.).#.#
∆∆)##
#...###..###.##. ##
###...###..#.# #.
#####...###))# #.
..........#### .#


You could see a deep troll earth mage (very poisoned).

Vanquished Creatures
  Erica (D:8)
  2 two-headed ogres
  Pikel (D:8)
  A cyclops (D:8)
  Grinder (D:3)
  A troll (D:10)
  A hornet (D:7)
  A wraith (D:9)
  7 yaks (D:9)
  2 steam dragons
  A water moccasin (D:3)
  2 ice beasts
  2 sky beasts (D:6)
  3 necrophages
  2 ogres
  5 orc warriors (D:9)
  6 centaurs
  2 kobold brigands (D:8)
  2 gnoll sergeants
  A bullfrog (D:9)
  2 scorpions
  5 killer bees (D:9)
  9 wights (D:8)
  3 howler monkeys
  2 electric eels
  5 centaur zombies
  3 hounds
  A centaur skeleton (D:6)
  8 orc priests
  3 bullfrog skeletons
  A gnoll shaman (D:7)
  An iguana (D:7)
  Ijyb (D:4)
  4 orc wizards
  A howler monkey zombie (D:9)
  5 adders
  16 gnolls
  A shadow imp (D:7)
  A white imp (D:7)
  2 worms (D:3)
  4 dart slugs
  25 orcs
  6 ball pythons
  5 bats
  7 endoplasms
  A giant cockroach (D:3)
  9 goblins
  4 hobgoblins
  4 jackals (D:4)
  2 quokkas
  3 frilled lizards
  14 kobolds
  3 rats
205 creatures vanquished.

Vanquished Creatures (others)
  2 orcs
  19 fungi (D:9)
  25 plants
46 creatures vanquished.

Grand Total: 251 creatures vanquished

Notes
Turn   | Place    | Note
-------+----------+-------------------------------------------
     0 | D:1      | arthad the Gnoll Wanderer began the quest for the Orb.
     0 | D:1      | arthad set off with the following items: a +0 rapier, a +0
                  | hand axe, a +0 ring mail
     0 | D:1      | Reached XP level 1. HP: 17/17 MP: 1/1
   173 | D:1      | Found Zihidatz's Armour Shoppe.
   189 | D:1      | Reached XP level 2. HP: 21/23 MP: 2/2
   556 | D:1      | Found Venoh's Assorted Antiques.
   575 | D:1      | Bought a scroll labelled ZEUWISHRU MEXA for 19 gold pieces
   575 | D:1      | Acquired 1051 gold pieces
   577 | D:1      | Bought a scroll labelled PACVOST HITHOM for 19 gold pieces
   577 | D:1      | Bought a scroll labelled NULEXEGAUF for 19 gold pieces
   577 | D:1      | Bought a scroll labelled WASAMI IRPHAW for 19 gold pieces
   577 | D:1      | Bought a scroll labelled PEOLIWE BISU for 19 gold pieces
   577 | D:1      | Bought an embroidered scarf for 152 gold pieces
   664 | D:1      | Bought the +1 ring mail of Nihilism {rN+ Regen+ Str+2} for
                  | 317 gold pieces
   722 | D:1      | Found a faded altar of an unknown god.
   743 | D:1      | Reached XP level 3. HP: 28/28 MP: 3/3
  1016 | D:2      | Reached skill level 1 in Invocations
  1073 | D:2      | Reached skill level 1 in Long Blades
  1073 | D:2      | Reached skill level 1 in Maces & Flails
  1073 | D:2      | Reached skill level 1 in Polearms
  1073 | D:2      | Reached skill level 1 in Staves
  1073 | D:2      | Reached skill level 1 in Slings
  1073 | D:2      | Reached skill level 1 in Bows
  1073 | D:2      | Reached skill level 1 in Crossbows
  1073 | D:2      | Reached skill level 1 in Throwing
  1073 | D:2      | Reached skill level 1 in Dodging
  1073 | D:2      | Reached skill level 1 in Stealth
  1073 | D:2      | Reached skill level 1 in Shields
  1073 | D:2      | Reached skill level 1 in Unarmed Combat
  1073 | D:2      | Reached skill level 1 in Spellcasting
  1205 | D:2      | Reached XP level 4. HP: 34/34 MP: 5/5
  1563 | D:3      | Reached skill level 1 in Conjurations
  1563 | D:3      | Reached skill level 1 in Hexes
  1563 | D:3      | Reached skill level 1 in Summonings
  1563 | D:3      | Reached skill level 1 in Necromancy
  1563 | D:3      | Reached skill level 1 in Translocations
  1563 | D:3      | Reached skill level 1 in Transmutations
  1563 | D:3      | Reached skill level 1 in Fire Magic
  1563 | D:3      | Reached skill level 1 in Ice Magic
  1563 | D:3      | Reached skill level 1 in Air Magic
  1563 | D:3      | Reached skill level 1 in Earth Magic
  1563 | D:3      | Reached skill level 1 in Poison Magic
  1585 | D:3      | Reached XP level 5. HP: 37/40 MP: 5/7
  1628 | D:3      | Noticed a centaur
  1644 | D:3      | Killed a centaur
  1645 | D:3      | Reached XP level 6. HP: 47/47 MP: 8/8
  1906 | D:3      | Noticed a water moccasin
  1925 | D:3      | Killed a water moccasin
  1926 | D:3      | Reached skill level 5 in Axes
  1926 | D:3      | Reached skill level 5 in Armour
  2057 | D:3      | Noticed Grinder
  2058 | D:3      | Paralysed by Grinder for 6 turns
  2072 | D:3      | Paralysed by Grinder for 7 turns
  2080 | D:3      | Killed Grinder
  2081 | D:3      | Reached XP level 7. HP: 48/52 MP: 10/10
  2332 | D:4      | Reached skill level 9 in Short Blades
  2472 | D:4      | Noticed Ijyb
  2473 | D:4      | Paralysed by Ijyb for 6 turns
  2484 | D:4      | Paralysed by Ijyb for 4 turns
  2495 | D:4      | Killed Ijyb
  2561 | D:4      | Found a staircase to the Ecumenical Temple.
  2572 | Temple   | Entered the Ecumenical Temple
  2833 | Temple   | Became a worshipper of Warmaster Okawaru
  3230 | D:5      | Entered Level 5 of the Dungeon
  3336 | D:5      | Reached XP level 8. HP: 57/60 MP: 12/12
  3395 | D:5      | Reached * piety under Okawaru
  3853 | D:5      | Identified the +0 robe of Dishonesty {rC+ rN+ Str+3}
  4713 | D:6      | Reached XP level 9. HP: 47/66 MP: 14/14
  4768 | D:6      | Found an opulent altar of Gozag.
  5565 | D:7      | Reached ** piety under Okawaru
  5566 | D:7      | Reached skill level 5 in Fighting
  5566 | D:7      | Reached skill level 5 in Evocations
  5808 | D:7      | Noticed a hornet
  5825 | D:7      | Paralysed by a hornet for 1 turns
  5827 | D:7      | Killed a hornet
  5886 | D:7      | You fall into a shaft and drop 1 floor!
  6198 | D:8      | Reached skill level 5 in Invocations
  6220 | D:8      | Noticed Pikel
  6619 | D:8      | Reached XP level 10. HP: 69/74 MP: 17/17
  6656 | D:8      | Noticed a two-headed ogre
  6658 | D:8      | Noticed Erica
  6670 | D:8      | HP: 3/74 [rock wall collision (12)]
  6808 | D:8      | Killed Pikel
  6808 | D:8      | Reached *** piety under Okawaru
  6809 | D:8      | Reached skill level 5 in Long Blades
  6809 | D:8      | Reached skill level 5 in Maces & Flails
  6809 | D:8      | Reached skill level 5 in Polearms
  6809 | D:8      | Reached skill level 5 in Staves
  6809 | D:8      | Reached skill level 5 in Slings
  6809 | D:8      | Reached skill level 5 in Bows
  6809 | D:8      | Reached skill level 5 in Crossbows
  6809 | D:8      | Reached skill level 5 in Throwing
  6809 | D:8      | Reached skill level 5 in Dodging
  6809 | D:8      | Reached skill level 5 in Stealth
  6809 | D:8      | Reached skill level 5 in Shields
  6809 | D:8      | Reached skill level 5 in Unarmed Combat
  6809 | D:8      | Reached skill level 5 in Spellcasting
  6858 | D:8      | Killed Erica
  6859 | D:8      | Reached skill level 10 in Short Blades
  6893 | D:9      | Noticed a two-headed ogre
  6969 | D:8      | Noticed a cyclops
  6993 | D:8      | Killed a two-headed ogre
  7021 | D:8      | Killed a cyclops
  7021 | D:8      | Reached **** piety under Okawaru
  7028 | D:8      | Identified the +5 mace "Racviumu" {venom, Int+5 Dex+4}
  7102 | D:8      | Acquired a +1 pair of boots of rampaging
  7435 | D:8      | Noticed a two-headed ogre
  7437 | D:8      | Noticed a two-headed ogre
  7626 | D:9      | Found a staircase to the Lair.
  7703 | D:9      | Reached XP level 11. HP: 68/83 MP: 19/19
  7882 | D:9      | Reached ***** piety under Okawaru
  7989 | D:9      | Killed a two-headed ogre
  7989 | D:9      | Received a gift from Okawaru
  7990 | D:9      | Reached skill level 5 in Conjurations
  7990 | D:9      | Reached skill level 5 in Hexes
  7990 | D:9      | Reached skill level 5 in Summonings
  7990 | D:9      | Reached skill level 5 in Necromancy
  7990 | D:9      | Reached skill level 5 in Translocations
  7990 | D:9      | Reached skill level 5 in Transmutations
  7990 | D:9      | Reached skill level 5 in Fire Magic
  7990 | D:9      | Reached skill level 5 in Ice Magic
  7990 | D:9      | Reached skill level 5 in Air Magic
  7990 | D:9      | Reached skill level 5 in Earth Magic
  7990 | D:9      | Reached skill level 5 in Poison Magic
  8495 | D:9      | Found a staircase to the Orcish Mines.
  8668 | D:10     | Entered Level 10 of the Dungeon
  8821 | D:10     | Noticed a fire giant
  8824 | D:10     | Noticed a deep troll earth mage
  8828 | D:10     | HP: 3/83 [deep troll earth mage (18)]
  8828 | D:10     | Slain by a deep troll earth mage

Illustrated notes

Levels and vault maps discovered:
D:1:      shiori_shiawase, layout_basic, shapermc_ecumenical_altar_notcrosses,
          serial_shops, nicolae_shop_advertising_works
          [nicolae_subvault_shop_adworks], shop
D:2:      layout_basic, minmay_distorted
D:3:      layout_loops_ring, uniq_grinder
D:4:      layout_loops_ring, minmay_temple_entry_sparse_star, uniq_ijyb
D:5:      layout_cave_pods, serial_column_ruins, column_ruins_hut,
          column_ruins_square_huge, column_ruins_open_small,
          column_ruins_columns_straight, column_ruins_corridor_corner,
          column_ruins_corridor_T, column_ruins_grid_2, minmay_misc_feat_rows,
          nicolae_zen_rock_garden
D:6:      layout_basic, kennysheep_mini, kennysheep_cross_bottleneck
D:7:      layout_loops_ring
D:8:      layout_basic, serial_bayou_pond_c, hellmonk_guarded_unrand_dark_maul,
          uniq_pikel, uniq_erica
D:9:      layout_irregular_city, grunt_lair_entry_orc_guard_hut, david_orc_4,
          serial_column_ruins, column_ruins_grid_1,
          column_ruins_corridor_straight, column_ruins_open_medium,
          column_ruins_grid_2, column_ruins_open_medium, column_ruins_grid_1
D:10:     minmay_the_grid_four_pointed_star
          [minmay_the_grid_triangle_9x9_dagger,
          minmay_the_grid_triangle_9x9_cache,
          minmay_the_grid_triangle_9x9_descending_squares,
          minmay_the_grid_triangle_9x9_minimal,
          minmay_the_grid_prize_diamond_cup], layout_layer_cave, uniq_snorg
Temple:   compressed_dpeg_triangle_lava_temple

Skill      XL: |  1  2  3  4  5  6  7  8  9 10 11 |
---------------+----------------------------------+-----
Invocations    | 1 2 3 4 5 6 |  6.9
Long Blades    | 1 2 3 4 5 6 |  6.3
Maces & Flails | 1 2 3 4 5 6 |  6.3
Polearms       | 1 2 3 4 5 6 |  6.3
Staves         | 1 2 3 4 5 6 |  6.3
Slings         | 1 2 3 4 5 6 |  6.3
Bows           | 1 2 3 4 5 6 |  6.3
Crossbows      | 1 2 3 4 5 6 |  6.3
Throwing       | 1 2 3 4 5 6 |  6.3
Dodging        | 1 2 3 4 5 6 |  6.3
Stealth        | 1 2 3 4 5 6 |  6.3
Shields        | 1 2 3 4 5 6 |  6.3
Unarmed Combat | 1 2 3 4 5 6 |  6.3
Spellcasting   | 1 2 3 4 5 6 |  6.3
Conjurations   | 1 2 3 4 5 |  5.2
Hexes          | 1 2 3 4 5 |  5.2
Summonings     | 1 2 3 4 5 |  5.2
Necromancy     | 1 2 3 4 5 |  5.2
Translocations | 1 2 3 4 5 |  5.2
Transmutations | 1 2 3 4 5 |  5.2
Fire Magic     | 1 2 3 4 5 |  5.2
Ice Magic      | 1 2 3 4 5 |  5.2
Air Magic      | 1 2 3 4 5 |  5.2
Earth Magic    | 1 2 3 4 5 |  5.2
Poison Magic   | 1 2 3 4 5 |  5.2
Fighting       | 3 4 5 6 |  6.9
Evocations     | 3 4 5 6 |  6.9
Axes           | 5 6 7 |  7.9
Armour         | 5 6 7 |  7.9
Short Blades   | 9 10 | 10.6

Action                   |  1- 3 |  4- 6 |  7- 9 | 10-12 || total
-------------------------+-------+-------+-------+-------++-------
Melee: Rapier            |    90 |   110 |   514 |    47 ||   761
       Bite              |     8 |    10 |    66 |    50 ||   134
       Punch             |     1 |     3 |    17 |    13 ||    34
       Mace              |       |       |       |   230 ||   230
Throw: Dart              |       |     2 |       |       ||     2
       Stone             |       |       |     4 |     5 ||     9
Invok: Heroism           |       |       |     2 |     2 ||     4
Evoke: Wand              |       |     9 |    15 |    15 ||    39
  Use: Scroll            |     3 |     1 |    10 |     2 ||    16
       Potion            |       |     1 |     2 |     4 ||     7
 Stab: Sleeping          |       |       |     2 |     2 ||     4
       Distracted        |       |       |       |     1 ||     1
Armor: Ring mail         |    42 |    64 |   234 |   136 ||   476
       Skin              |       |       |     2 |       ||     2
Dodge: Dodged            |    41 |    53 |   257 |   253 ||   604
       Repelled          |       |       |       |     1 ||     1
